[Event "Slovakia Open 2022"]
[Site "Bratislava"]
[Date "2022.10.01"]
[Round "6.27"]
[White "Pasti, Zsombor"]
[Black "Benci, Jozef"]
[Result "1-0"]
[ECO "B73"]
[WhiteElo "1884"]
[BlackElo "1873"]
[Annotator "NA RC COMBH"]
[PlyCount "71"]
[EventDate "2022.09.30"]
[EventCountry "SVK"]
[SourceTitle "playchess.com"]
[Source "ChessBase"]
[SourceQuality "1"]
[TimeControl "2700+10"]

1. e4 c5 2. Nf3 d6 3. d4 cxd4 4. Nxd4 Nf6 5. Nc3 g6 6. Be3 Bg7 7. Be2 O-O 8. O-O Nc6 9. h3 Bd7 10. Qd2 Rc8 11. Rad1 Ne5 12. Bh6 Nc4 13. Bxc4 Rxc4 14. Bxg7 Kxg7 15. Rfe1 Qa5 16. Nb3 Qc7 17. Nd5 Nxd5 18. exd5 Ba4 19. c3 Rc8 20. Qe3 Kf8 21. Qxa7 Bxb3 22. axb3 Rc5 23. b4 Rb5 24. Qd4 Kg8 25. Qg4 h5 26. Qe2 Rb6 27. Qxe7 Qc4 28. Qf6 Rf8 29. Qd4 Qb5 30. Re7 Ra6 31. Rde1 Ra2 32. R1e6 Kh7 33. Qf6 Kh6 34. Rxf7 Ra1+ 35. Kh2 Rg8 36. Qf4# 1-0

[Event "Slovakia Open 2022"]
[Site "Bratislava"]
[Date "2022.10.01"]
[Round "6.28"]
[White "Matejka, Simon"]
[Black "Park, Seonjae"]
[Result "1-0"]
[ECO "B22"]
[WhiteElo "1422"]
[BlackElo "1704"]
[Annotator "NA RC COMBH"]
[PlyCount "63"]
[EventDate "2022.09.30"]
[EventCountry "SVK"]
[SourceTitle "playchess.com"]
[Source "ChessBase"]
[SourceQuality "1"]
[TimeControl "2700+10"]

1. e4 c5 2. c3 Nf6 3. e5 Nd5 4. Nf3 Nc6 5. d4 cxd4 6. cxd4 d6 7. Bd3 e6 8. O-O Be7 9. Nc3 Nb6 10. Be3 O-O 11. Rc1 Bd7 12. Ne4 dxe5 13. dxe5 Nb4 14. Bb1 N4d5 15. Qd3 g6 16. Bh6 Re8 17. g4 Bc6 18. g5 a6 19. Nfd2 Bb5 20. Qf3 Bxf1 21. Rxf1 Qc7 22. Qg3 Nd7 23. Nf3 Qb6 24. Nf6+ Bxf6 25. gxf6 Qxb2 26. Bg7 Nc3 27. Qg5 Nc5 28. Bh8 Kxh8 29. Qh6 Rg8 30. Ng5 Ne2+ 31. Kh1 Qxe5 32. Nxf7# 1-0

[Event "Slovakia Open 2022"]
[Site "Bratislava"]
[Date "2022.10.01"]
[Round "6.29"]
[White "Dubnicka, Ferdinand"]
[Black "Hryshko Herman"]
[Result "0-1"]
[ECO "B50"]
[WhiteElo "1494"]
[BlackElo "1000"]
[Annotator "NA RC COMBH"]
[PlyCount "84"]
[EventDate "2022.09.30"]
[EventCountry "SVK"]
[SourceTitle "playchess.com"]
[Source "ChessBase"]
[SourceQuality "1"]
[TimeControl "2700+10"]

1. e4 c5 2. Nf3 d6 3. h3 Nf6 4. Nc3 Nc6 5. Bb5 Bd7 6. O-O a6 7. Bc4 b5 8. Bd5 e6 9. Bxc6 Bxc6 10. d3 Be7 11. Bg5 b4 12. Ne2 O-O 13. Ng3 Nd7 14. Bxe7 Qxe7 15. c4 bxc3 16. bxc3 Rab8 17. c4 Nf6 18. Re1 e5 19. Qd2 h6 20. Nf5 Qe6 21. N3h4 Nh5 22. Kh2 g5 23. Qe2 Ng7 24. Nxg7 Kxg7 25. Nf5+ Kh7 26. Qg4 Rb2 27. Kg1 Rd2 28. Re3 Bd7 29. h4 Rg8 30. Rg3 Qf6 31. hxg5 Bxf5 32. exf5 Qxg5 33. Qe4 Qf6 34. Rxg8 Kxg8 35. Rb1 Qg5 36. g3 Rxa2 37. Kg2 a5 38. Rh1 Kg7 39. Rh4 h5 40. Qf3 Kh6 41. g4 Qxh4 42. Qh3 Rxf2+ 0-1

[Event "Slovakia Open 2022"]
[Site "Bratislava"]
[Date "2022.10.01"]
[Round "6.30"]
[White "Romanova, Ela"]
[Black "Nosal, Tobias"]
[Result "1-0"]
[ECO "B31"]
[WhiteElo "1580"]
[BlackElo "1601"]
[Annotator "NA RC COMBH"]
[PlyCount "71"]
[EventDate "2022.09.30"]
[EventCountry "SVK"]
[SourceTitle "playchess.com"]
[Source "ChessBase"]
[SourceQuality "1"]
[TimeControl "2700+10"]

1. e4 c5 2. Nf3 Nc6 3. Bb5 g6 4. c3 Bg7 5. d4 cxd4 6. cxd4 Qb6 7. Nc3 Nxd4 8. Nd5 Nxf3+ 9. Qxf3 Qd8 10. Bf4 e5 11. Bd2 Nf6 12. Bg5 O-O 13. O-O Qa5 14. Nxf6+ Bxf6 15. Qxf6 Qb6 16. Qxb6 axb6 17. Rfd1 f6 18. Bh6 Rd8 19. Rd6 Kf7 20. h4 Ke7 21. Rxf6 d5 22. Bg5 h6 23. Bxh6 Kxf6 24. Bg5+ Kf7 25. Bxd8 Be6 26. exd5 Rxd8 27. dxe6+ Kxe6 28. Re1 Rd2 29. f4 Rxb2 30. Bc4+ Kf6 31. fxe5+ Ke7 32. e6 Rb4 33. Re4 b5 34. Bd5 Rxe4 35. Bxe4 Kxe6 36. Bxg6 1-0

[Event "Slovakia Open 2022"]
[Site "Bratislava"]
[Date "2022.10.01"]
[Round "6.31"]
[White "Csontos, Aron"]
[Black "Prochazka, Peter"]
[Result "1/2-1/2"]
[ECO "B22"]
[WhiteElo "1962"]
[BlackElo "1792"]
[Annotator "TA"]
[PlyCount "82"]
[EventDate "2022.09.30"]
[EventCountry "SVK"]
[SourceTitle "playchess.com"]
[Source "ChessBase"]
[SourceQuality "1"]
[TimeControl "2700+10"]

1. e4 c5 2. c3 d5 3. exd5 Qxd5 4. d4 Nc6 5. Nf3 Nf6 6. dxc5 Qxd1+ 7. Kxd1 Bg4 8. Be3 {[%emt 0:01:52] B22: Sicilian: 2 c3.} (8. Nbd2 $5 ) 8... e5 9. h3 Bxf3+ 10. gxf3 {[%emt 0:00:02] White is slightly better.} Nd5 $1 11. b4 (11. Bc4 $14 Nxe3+ 12. fxe3) 11... a5 $11 12. b5 (12. bxa5 {keeps more tension.} Nxa5 13. Bb5+ Ke7 14. Kc2) 12... Nd8 {[%emt 0:00:26] [#]} (12... Nce7 $1 $11) 13. Na3 $146 ({White should try} 13. c6 $14) ({Predecessor:} 13. Bc4 Nxe3+ 14. fxe3 Bxc5 15. Ke2 Ke7 16. Nd2 Ne6 17. Bd5 Rab8 18. Nb3 Bb6 19. a4 {0-1 (53) Herrmann,R (2097)-Manzone,A (2416) Buenos Aires 2022}) 13... Nxe3+ ({Black should play} 13... Nxc3+ 14. Kc2 Na4) 14. fxe3 Bxc5 15. Nc4 Ne6 16. Bd3 b6 17. Ke2 f6 18. Rhd1 Ke7 19. Be4 Rad8 20. Bc6 Rxd1 21. Rxd1 {[%emt 0:00:02] [#] Hoping for Rd7+.} Rd8 {[%emt 0:00:02] Against Rd7+} 22. Rxd8 Nxd8 {[%emt 0:00:48][%mdl 4096] Endgame KBN-KBN} 23. Bd5 Ne6 24. Bxe6 Kxe6 {[%emt 0:00:04] KB-KN} 25. e4 g6 26. Nd2 f5 27. Kd3 h5 28. Nb3 Bf2 29. a4 f4 30. Nc1 Be3 31. Nb3 Kd6 32. Ke2 Ke7 33. Kf1 $1 Kf6 $2 {[%emt 0:00:42] [#]} (33... g5 $11) 34. h4 $2 (34. c4 $1 $18) 34... Ke6 {[%emt 0:00:57] The position is equal.} 35. Kg2 Kd6 36. Kf1 Bc5 37. Nd2 Ke6 38. Nc4 Kf6 39. Ke2 Ke6 40. Kd3 Bf2 41. Ke2 Bc5 {[%emt 0:00:42] Weighted Error Value: White=0.16 (very precise) /Black=0.22 (precise)} 1/2-1/2

[Event "Slovakia Open 2022"]
[Site "Bratislava"]
[Date "2022.10.01"]
[Round "6.32"]
[White "Kostic, Ivan"]
[Black "Durovka, Stefan"]
[Result "0-1"]
[ECO "D04"]
[WhiteElo "1716"]
[BlackElo "1783"]
[Annotator "NA RC COMBH"]
[PlyCount "90"]
[EventDate "2022.09.30"]
[EventCountry "SVK"]
[SourceTitle "playchess.com"]
[Source "ChessBase"]
[SourceQuality "1"]
[TimeControl "2700+10"]

1. d4 d5 2. e3 Nf6 3. Nf3 Nbd7 4. b3 c5 5. dxc5 Nxc5 6. Bb2 e6 7. Be2 Be7 8. O-O O-O 9. c4 a6 10. b4 Nce4 11. a3 b6 12. h3 Bb7 13. cxd5 Nxd5 14. Nbd2 Ndc3 15. Bxc3 Nxc3 16. Qe1 Bf6 17. Rc1 Nxe2+ 18. Qxe2 Bb2 19. Rb1 Bxa3 20. Rb3 Bxb4 21. Rxb4 a5 22. Rb2 Ba6 23. Nc4 b5 24. Rd1 Qf6 25. Nce5 Rfd8 26. Rxd8+ Rxd8 27. Qc2 Rc8 28. Qb1 b4 29. Ng4 Qc3 30. Rb3 Qc6 31. Nd4 Qd5 32. Nf3 f6 33. Rb2 Bd3 34. Qd1 e5 35. Ne1 e4 36. Nc2 h5 37. Nh2 Qc4 38. Nd4 Qc1 39. Rd2 a4 40. Ne2 Qxd1+ 41. Rxd1 Bxe2 42. Ra1 Ra8 43. Nf1 Bxf1 44. Kxf1 a3 45. Ke2 b3 0-1

[Event "Slovakia Open 2022"]
[Site "Bratislava"]
[Date "2022.10.01"]
[Round "6.33"]
[White "Merva Max"]
[Black "Slivka, Vasil"]
[Result "0-1"]
[ECO "C48"]
[WhiteElo "1000"]
[BlackElo "1569"]
[Annotator "NA RC COMBH"]
[PlyCount "27"]
[EventDate "2022.09.30"]
[EventCountry "SVK"]
[SourceTitle "playchess.com"]
[Source "ChessBase"]
[SourceQuality "1"]
[TimeControl "2700+10"]

1. e4 e5 2. Nf3 Nc6 3. Nc3 Nf6 4. Bb5 Bc5 5. d4 Nxd4 6. Nxe5 Nxb5 7. Nxb5 d6 8. Nc4 O-O 9. O-O Nxe4 10. Nd2 Bf5 11. Qf3 Nxd2 12. Bxd2 Bd7 13. h3 Re8 14. h4 0-1

[Event "Slovakia Open 2022"]
[Site "Bratislava"]
[Date "2022.10.01"]
[Round "6.34"]
[White "Rehacek, Jan"]
[Black "Ruderfer, Mark B"]
[Result "0-1"]
[ECO "D00"]
[WhiteElo "1342"]
[BlackElo "2236"]
[Annotator "TA"]
[PlyCount "81"]
[EventDate "2022.09.30"]
[EventCountry "SVK"]
[SourceTitle "playchess.com"]
[Source "ChessBase"]
[SourceQuality "1"]
[TimeControl "2700+10"]

1. d4 d5 2. Bf4 Nf6 3. Nc3 e6 4. a3 a6 5. Nf3 c5 6. e3 {[%emt 0:00:21] D00: 1 d4 d5: Unusual lines.} Nc6 7. Ne5 Bd6 {[%emt 0:01:14] [#]} 8. Ne2 $146 (8. Nxc6 $11 {remains equal.} bxc6 9. Qf3) ({Predecessor:} 8. Nxc6 bxc6 9. dxc5 Bxc5 10. Bd3 Bd6 11. Bxd6 Qxd6 12. e4 d4 13. Nb1 e5 14. Nd2 {0-1 (35) Omar,N (2353)-Pantsulaia,L (2587) Abu Dhabi 2018}) 8... Qc7 (8... Bxe5 $17 9. dxe5 (9. Bxe5 Nxe5 10. dxe5 Ng4 $17) 9... Nd7) 9. Nxc6 $11 Bxf4 10. Nxf4 {[%emt 0:00:31] aiming for Ne5.} Qxc6 11. c3 O-O 12. Bd3 b5 13. O-O a5 14. Nh5 Nd7 15. Qg4 g6 16. Ng3 e5 17. f4 (17. Qg5 $11) 17... Nf6 (17... e4 $1 $17 18. Be2 f5) 18. Qg5 $36 {[%emt 0:02:04][%mdl 2048] White has the initiative.} e4 19. Be2 Kh8 $2 (19... Kg7 $1 $11) 20. f5 $1 $18 c4 21. Rf4 b4 $2 (21... Ra6 22. Raf1 Qb6 23. fxg6 fxg6) 22. Raf1 {[%emt 0:03:12] fxg6 is the strong threat.} Ra6 23. Rh4 $2 (23. axb4 $18 {is more deadly.} axb4 24. fxg6 fxg6 25. cxb4) 23... Rg8 24. Qh6 $2 (24. fxg6 $16 {[%cal Og5f6] and life is bright. White wants to mate with Qxf6+!} Rxg6 25. Qe5 bxc3 26. bxc3) 24... Rg7 $2 {[%emt 0:01:06] [#]} (24... g5 $17 {keeps the pressure on.} 25. Rh3 bxa3) 25. fxg6 $1 $16 ({Don't go for} 25. cxb4 $2 Ng8 26. Qg5 f6 $19) 25... fxg6 26. Qg5 bxc3 27. bxc3 Bd7 (27... Ng8 $16 {was necessary.}) 28. Qe5 ({Better is} 28. Rhf4 $18 Bf5 29. Nxf5 gxf5 30. Qxf5) 28... Qe6 29. Rb1 Qxe5 30. dxe5 Ne8 31. Rf4 {[%emt 0:00:37][%cal Og3e4] With the idea Nxe4!} Kg8 $2 {[%emt 0:00:27] [#]} (31... Ra7 $11 {and Black is okay.}) 32. Bg4 $2 ({White should try} 32. Nxe4 $1 $18 {[%cal Ob1b8][%mdl 512] Hoping for Rb8!} Rc6 33. Nd2) 32... Bxg4 $11 33. Rxg4 Nc7 {[%emt 0:00:11] Prevents Rb5.} 34. Rb8+ Kf7 35. Rf4+ Ke6 36. Ne2 Kxe5 37. Nd4 Ne6 38. Re8 Rb7 $1 39. Nxe6 $2 (39. g4 $11 {and White stays safe.}) 39... Rxe6 $19 40. Rxe6+ Kxe6 41. Rf8 {[%emt 0:00:44] Black used his chance.  Weighted Error Value: White=0.64/Black=0.43} 0-1

[Event "Slovakia Open 2022"]
[Site "Bratislava"]
[Date "2022.10.01"]
[Round "6.35"]
[White "Nikpour Aryabod"]
[Black "Nedoba, Jakub"]
[Result "1/2-1/2"]
[ECO "B12"]
[WhiteElo "1000"]
[BlackElo "1160"]
[Annotator "NA COMBH"]
[PlyCount "37"]
[EventDate "2022.09.30"]
[EventCountry "SVK"]
[SourceTitle "playchess.com"]
[Source "ChessBase"]
[SourceQuality "1"]
[TimeControl "2700+10"]

1. e4 c6 2. d4 d5 3. e5 Bf5 4. h4 h6 5. Bd3 Bxd3 6. Qxd3 e6 7. Nf3 c5 8. c3 Ne7 9. O-O Nf5 10. dxc5 Nc6 11. Be3 Nxh4 12. Nxh4 Qxh4 13. Nd2 Nxe5 14. Qb5+ Nd7 15. Qxb7 Rd8 16. Qxa7 Be7 17. c6 Bd6 18. g3 Bxg3 19. fxg3 1/2-1/2

[Event "Slovakia Open 2022"]
[Site "Bratislava"]
[Date "2022.10.01"]
[Round "7.1"]
[White "Heberla, Bartlomiej"]
[Black "Stocek, Jiri"]
[Result "1/2-1/2"]
[ECO "B90"]
[WhiteElo "2568"]
[BlackElo "2559"]
[Annotator "TA"]
[PlyCount "110"]
[EventDate "2022.09.30"]
[EventCountry "SVK"]
[SourceTitle "playchess.com"]
[Source "ChessBase"]
[SourceQuality "1"]
[TimeControl "2700+10"]

1. e4 c5 2. Nf3 d6 3. d4 cxd4 4. Nxd4 Nf6 5. Nc3 a6 6. Bd3 Nbd7 {[%emt 0:00:40] B90: Sicilian Najdorf: Unusual White 6th moves, 6 Be3 Ng4 and 6 Be3 e5.} 7. O-O g6 8. Re1 Bg7 {[%emt 0:00:14] The position is equal.} 9. Bf1 O-O 10. a4 Re8 11. a5 Nc5 {[%emt 0:02:38] [#]} 12. Nb3 $146 ({Predecessor:} 12. f3 b5 13. axb6 Qxb6 14. Be3 Qxb2 15. Qd2 Qb6 16. Qf2 Bd7 17. e5 Nh5 18. g4 Bxe5 19. gxh5 gxh5 {1-0 (38) Rohan,B (1953)-Arnav,M (1223) Mumbai 2020}) 12... Nxb3 13. cxb3 b5 14. axb6 Qxb6 15. Be3 Qb7 16. Bc4 Bd7 17. f3 Bb5 18. Nxb5 axb5 19. Rxa8 Rxa8 20. Bf1 Ne8 21. Qe2 Nc7 22. Rc1 d5 23. Qc2 Ne6 24. exd5 Qxd5 25. Qc6 Qxc6 26. Rxc6 Bxb2 27. Bxb5 Nd4 28. Ra6 Rxa6 29. Bxa6 Nxb3 $15 {[%emt 0:01:25][%mdl 4096] Endgame KBB-KBN} 30. Kf1 Kg7 31. Ke2 Na5 32. Bb6 Nc6 33. Bb5 Ne5 34. Bc7 g5 35. Bxe5+ Bxe5 {[%emt 0:00:03] KB-KB} 36. h3 Bg3 37. Bd3 h5 38. Bc2 Kf6 39. Ba4 h4 40. Bb5 Bb8 41. Ba6 Ke5 42. Bc4 f6 43. Ba6 Ba7 44. Bc8 Kf4 45. Kf1 Kg3 46. Be6 Bb6 47. Bc8 e5 48. Bd7 Kf4 49. Bc8 f5 50. Bb7 g4 51. hxg4 fxg4 52. fxg4 Kxg4 53. Bf3+ Kg3 {[%emt 0:00:03] [#] ( -> ...h3)} 54. Be2 (54. Ke2 $11) 54... e4 55. Ba6 h3 {[%emt 0:00:06] Weighted Error Value: White=0.06 (flawless) /Black=0.05 (flawless)} (55... Kf4 $15) 1/2-1/2

[Event "Slovakia Open 2022"]
[Site "Bratislava"]
[Date "2022.10.01"]
[Round "7.2"]
[White "Laurusas, Tomas"]
[Black "Korobov, Anton"]
[Result "1-0"]
[ECO "D46"]
[WhiteElo "2563"]
[BlackElo "2671"]
[Annotator "TA"]
[PlyCount "93"]
[EventDate "2022.09.30"]
[EventCountry "SVK"]
[SourceTitle "playchess.com"]
[Source "ChessBase"]
[SourceQuality "1"]
[TimeControl "2700+10"]

1. d4 Nf6 2. c4 e6 3. Nf3 d5 4. Nc3 c6 5. e3 Nbd7 6. Qc2 Bd6 7. Bd3 O-O 8. O-O dxc4 9. Bxc4 b5 10. Be2 a6 11. Rd1 Qc7 12. e4 $1 {[%emt 0:01:13][%mdl 4] now scores much better than the old 12.Ne4. D46: Semi-Slav: 5 e3 Nbd7 6 Bd3, Black avoids the Meran.} e5 $1 13. h3 Re8 14. dxe5 {[%emt 0:02:07] The position is equal.} Nxe5 15. Bg5 Nxf3+ 16. Bxf3 Be6 17. Ne2 {[%emt 0:07:03] [#]} Be5 $5 $146 {[%emt 0:05:33][%mdl 8] New and interesting.} ({Predecessor:} 17... Rad8 18. Nd4 c5 19. Nxe6 Rxe6 20. Rac1 Rde8 21. Re1 h6 22. Bd2 Bh2+ 23. Kh1 Bf4 24. Bxf4 Qxf4 25. Qxc5 Nxe4 26. Bxe4 Rxe4 27. Rxe4 Qxe4 {½-½ (31) Andersen,M (2535)-Dvirnyy,D (2543) Baku 2016}) 18. Rac1 Rad8 19. Be3 Rxd1+ (19... Bxa2 20. b3 Qa5 21. Nd4 $16) 20. Rxd1 c5 (20... Bxa2 $2 21. b3 $18) 21. Bxc5 Nd7 22. b4 Nxc5 23. bxc5 Bc4 {[%emt 0:00:15] A strong pair of Bishops.} 24. Nc1 Qxc5 25. Nd3 Qe7 26. Nxe5 Qxe5 27. Be2 Bxe2 28. Qxe2 $15 {[%emt 0:00:02][%mdl 4096] Endgame KQR-KQR} g6 29. Re1 a5 30. Qd2 b4 31. Qd7 Re6 32. Rd1 Kg7 (32... h5 {feels hotter.} 33. f3 Kg7 34. Kf2 Qf6) 33. Qd5 a4 ({Black should try} 33... Qxd5 $17 34. exd5 Rd6) 34. Rd4 $11 Qb8 35. Qa5 Rc6 {[%emt 0:02:21] ( -> ...Rc1+)} 36. g3 b3 37. axb3 axb3 {[%emt 0:00:53] aiming for ...b2.} 38. Rb4 Rc1+ 39. Kg2 Qe8 (39... Qd6 $11 {remains equal.}) 40. Qd5 $36 {[%emt 0:00:27][%mdl 2048] White is really pushing.} Re1 41. Kf3 (41. Qxb3 Rxe4 42. Rb7 Rd4 $11) (41. Rxb3 Qxe4+ 42. Qxe4 Rxe4 $11) 41... Qc8 ({Black should play} 41... Qe7 42. Qd4+ (42. Rxb3 Qf6+ 43. Kg2 Qa1 $16) 42... Qf6+ 43. Qxf6+ Kxf6) 42. Qd4+ $1 Kg8 {[%emt 0:02:34][%cal Oe1d1] [#]} (42... f6 $2 43. Rb6 (43. Rxb3 Rc1 $16) 43... Rc1 44. Qxf6+ Kg8 45. Kg2 $18) 43. Qe5 $1 f6 $2 (43... Qf5+ 44. Qxf5 (44. exf5 Rxe5 45. fxg6 hxg6 $16) 44... gxf5) 44. Qxf6 $2 (44. Qd5+ Kh8 45. Qd4) 44... Qe8 $2 (44... Rd1 45. Rxb3 Rd8) 45. Qd6 $2 (45. Rd4 b2 46. Rd8 Rxe4 47. Rxe8+ Rxe8 48. Qxb2) 45... Qf7+ $2 {[%emt 0:00:02] [#]} (45... Rd1 46. Qc5 (46. Qxd1 Qf8+ 47. Ke2 Qxb4 $11) 46... Rd7) 46. Kg2 $1 $18 {[%emt 0:00:01] White threatens Rb8+ and mate.} Re2 (46... h5 $142 47. Qd2 Ra1) 47. Qd4 {[%emt 0:00:13] Weighted Error Value: White=0.28 (precise) /Black=0.28 (precise)} 1-0

[Event "Slovakia Open 2022"]
[Site "Bratislava"]
[Date "2022.10.01"]
[Round "7.3"]
[White "Mikrut, Dariusz"]
[Black "Leniart, Arkadiusz"]
[Result "1/2-1/2"]
[ECO "D30"]
[WhiteElo "2316"]
[BlackElo "2479"]
[Annotator "TA"]
[PlyCount "43"]
[EventDate "2022.09.30"]
[EventCountry "SVK"]
[SourceTitle "playchess.com"]
[Source "ChessBase"]
[SourceQuality "1"]
[TimeControl "2700+10"]

1. d4 Nf6 2. c4 e6 3. Nf3 d5 4. Bg5 Nbd7 5. e3 h6 6. Bh4 {[%emt 0:00:08] D30: Queen's Gambit Declined: Systems without Nc3.} g5 7. Bg3 Ne4 8. Nfd2 {[%emt 0:03:06] aiming for Nxe4. White is slightly better.} Nxg3 (8... Bb4 9. cxd5 Nxg3 10. hxg3 exd5 11. Qb3 Bxd2+ 12. Nxd2 $14) 9. hxg3 Bg7 10. cxd5 exd5 11. Nc3 c6 12. Bd3 O-O {[%emt 0:01:34] [#]} 13. Qc2 $146 ({Predecessor:} 13. O-O f5 14. Qc2 Qf6 15. Nf3 Qe6 16. Na4 b5 17. Nc5 Nxc5 18. Qxc5 a5 19. a4 {1-0 (40) Bryakin,M (2459)-Maltsevskaya,A (2248) Novi Sad 2020}) 13... Re8 14. O-O-O a5 15. Kb1 b5 16. Ne2 Qf6 17. e4 c5 (17... dxe4 $11 18. Nxe4 Qe6) 18. e5 $16 ({Of course not} 18. Bxb5 cxd4 19. Nb3 (19. exd5 $2 Rb8 $19) 19... Qxf2 $11) (18. dxc5 $2 Nxc5 19. e5 (19. Bxb5 $2 Nxe4 20. Nxe4 Rxe4 $19) 19... Rxe5 $1 20. Bh7+ (20. Qxc5 $2 Rxe2 21. Qc2 Rxf2 $19) 20... Kh8 $19) 18... Nxe5 19. dxe5 {[%emt 0:00:11] White is clearly better.} Rxe5 {[%emt 0:00:03] [#]} 20. Nf3 $1 ({Don't blunder} 20. Bxb5 $2 Bf5 21. Nc3 Bxc2+ $19) 20... Re7 21. Nc3 Bb7 22. Bh7+ {[%emt 0:11:24] Weighted Error Value: White=0.06 (flawless) /Black=0.15 (very precise)} 1/2-1/2

[Event "Slovakia Open 2022"]
[Site "Bratislava"]
[Date "2022.10.01"]
[Round "7.4"]
[White "Babula, Vlastimil"]
[Black "Kostolansky, Sebastian Lukas"]
[Result "1/2-1/2"]
[ECO "B45"]
[WhiteElo "2574"]
[BlackElo "2398"]
[Annotator "TA"]
[PlyCount "121"]
[EventDate "2022.09.30"]
[EventCountry "SVK"]
[SourceTitle "playchess.com"]
[Source "ChessBase"]
[SourceQuality "1"]
[TimeControl "2700+10"]

1. e4 c5 2. Nf3 e6 3. d4 cxd4 4. Nxd4 Nc6 5. Nc3 Nf6 6. Ndb5 Bb4 7. a3 Bxc3+ 8. Nxc3 d5 9. exd5 exd5 10. Bd3 O-O 11. O-O d4 {[%emt 0:06:08] 11...Bg4 gains popularity.} 12. Ne4 {[%emt 0:03:39] Hoping for Bg5.} Nxe4 {[%emt 0:02:08] B45: Sicilian Four Knights.} 13. Bxe4 Be6 {[%emt 0:02:35] [#]} 14. Qd3 $146 ({Predecessor:} 14. Qh5 f5 15. Bd3 Ne5 16. Qe2 Qd5 17. Re1 Nxd3 18. cxd3 Rae8 19. Bf4 Bd7 20. Qd2 {½-½ (20) Khachiyan,M (2465)-Banawa,J (2310) Monterey Park 2003}) 14... g6 {[%emt 0:04:32] White is slightly better.} 15. Rd1 Bd5 16. Bxd5 Qxd5 17. Be3 Rad8 18. c3 Rfe8 19. cxd4 Re4 20. f3 Re6 21. Rac1 Rde8 22. Bf2 Re2 23. Rc5 Qa2 24. Rc2 $36 {[%emt 0:00:03][%mdl 2048] White is on the roll.} Rxc2 25. Qxc2 Ne7 (25... Rd8 $16) 26. Qe2 {[%emt 0:01:13][%cal Od4d5] Black must now prevent d5!} Qe6 {[%emt 0:02:15] [#]} (26... Qd5 $16 {keeps fighting.} 27. Qe5 b6) 27. Qb5 $1 $18 Qc6 28. Qxc6 Nxc6 {[%emt 0:00:21][%mdl 4096] Endgame KRB-KRN} 29. d5 Rd8 30. Kf1 {[%emt 0:00:03] White is more active.} b6 31. Ke2 Re8+ (31... Ne7 $16) 32. Be3 Ne5 33. b3 {[%emt 0:01:08] Prevents Nc4.} Rd8 34. Bg5 Re8 35. Kf2 Kg7 36. d6 (36. Bf4 $18) 36... f6 $16 37. Bf4 {[%emt 0:00:41] [#] d7 is the strong threat.} Nd7 38. b4 g5 39. Be3 Kf7 40. h4 h6 41. a4 Ke6 42. a5 Rc8 43. f4 Rc2+ 44. Kf3 Rc4 45. axb6 (45. hxg5 {keeps more tension.} hxg5 46. fxg5 fxg5 47. Bxg5 Ne5+ 48. Ke3) 45... axb6 46. hxg5 fxg5 ({Black should play} 46... hxg5 $14 47. fxg5 fxg5) 47. fxg5 ({Better is} 47. Rh1 $16) 47... hxg5 $11 48. Bxg5 {[%emt 0:00:17] next Bf4 is good for White.} (48. Rd4 $5 ) 48... Ne5+ {[%emt 0:00:01] The position is equal.} 49. Kf2 Rxb4 50. Be7 Rb2+ 51. Kg3 Rb3+ 52. Kh2 Ng4+ 53. Kg1 {[%emt 0:00:04] White wants to mate with d7.} Kd7 54. Rc1 Rb2 55. Bf8 Rd2 56. g3 Ne3 57. Rc7+ Ke8 58. Bh6 Rd1+ 59. Kf2 Ng4+ 60. Ke2 Rxd6 61. Bf4 {[%emt 0:00:02] Black defended with fortune.  Weighted Error Value: White=0.12 (very precise) /Black=0.12 (very precise)} 1/2-1/2

[Event "Slovakia Open 2022"]
[Site "Bratislava"]
[Date "2022.10.01"]
[Round "7.5"]
[White "Nestorenko, Dmitry"]
[Black "Kushko, Dmitriy"]
[Result "0-1"]
[ECO "B07"]
[WhiteElo "2168"]
[BlackElo "2302"]
[Annotator "TA"]
[PlyCount "124"]
[EventDate "2022.09.30"]
[EventCountry "SVK"]
[SourceTitle "playchess.com"]
[Source "ChessBase"]
[SourceQuality "1"]
[TimeControl "2700+10"]

1. e4 d6 2. d4 Nf6 3. Nc3 g6 4. Be3 c6 5. f3 b5 6. a3 Nbd7 7. Qd2 {[%emt 0:00:22] B07: Pirc Defence: Miscellaneous Systems.} (7. g4 $14) 7... Bb7 8. Bd3 a6 9. Nce2 ({White should play} 9. g4 $14) 9... Bg7 10. Nh3 {[%emt 0:00:03] [#]} c5 $146 ({Predecessor:} 10... e5 11. c3 O-O 12. O-O d5 13. exd5 Nxd5 14. Bh6 exd4 15. Nxd4 c5 16. Nc2 Ne5 17. Bxg7 Kxg7 {1-0 (54) Mudelsee,M (2295)-Koch,W (2312) Germany 2001}) 11. c4 bxc4 12. Bxc4 d5 13. exd5 Nb6 14. Rc1 cxd4 (14... Nxc4 {seems wilder.} 15. Rxc4 cxd4 16. Bxd4 O-O) 15. Bxd4 Nxc4 16. Rxc4 Bxd5 17. Rc5 Bb7 18. O-O O-O 19. Nhf4 $2 (19. Rd1 $11 {and White stays safe.}) 19... Nd7 $19 20. Bxg7 Nxc5 21. Qc3 Na4 22. Qe5 f6 23. Qe3 Rf7 24. Bh6 e5 25. Nd3 Nb6 {[%emt 0:00:13] [#] Hoping for ...Nc4.} 26. Nc5 Nd5 27. Qb3 Qb6 28. Qxb6 Nxb6 29. Rd1 Rc7 30. b4 Kf7 31. Bc1 (31. f4 $142) 31... Ke7 32. f4 Nd7 33. fxe5 (33. Be3 $142) 33... Nxc5 34. exf6+ Kxf6 35. Bb2+ Ke7 36. bxc5 Rxc5 {[%emt 0:00:04] ...Rc2 is the strong threat.} 37. Nd4 {[%emt 0:00:39] Prevents Rc2.} Re8 38. h3 Rd5 39. Rf1 Rf8 40. Re1+ Kd7 41. Re2 a5 42. Rc2 Rf4 43. Nb3 Kd6 {[%emt 0:00:13] Inhibits Nc5.} 44. Bc3 Ra4 45. Bb2 Rb5 46. Nd4 Rb6 47. Rd2 (47. Ne2 $142) 47... Bd5 48. Ne2 Rc4 49. Bg7 Ke6 50. Bd4 Rb1+ 51. Kh2 Bb7 52. Bg7 g5 53. Nd4+ Kf7 54. Be5 Rb6 55. Rf2+ Ke7 56. Re2 {[%emt 0:00:03] aiming for Bc7+.} Kd7 {[%emt 0:00:03] Prevents Bc7.} 57. Rd2 Ke7 58. Re2 {[%emt 0:00:11] Threatens to win with Bc7+.} Kf7 (58... Ra6 $17 59. g4 Kf8) 59. Rf2+ $1 Kg6 60. Nf5 {[%emt 0:00:24] [#]} Re6 {[%emt 0:00:15] Against Ne7+} 61. Bd6 (61. Bb8 {is a better defense.}) 61... Rce4 {[%emt 0:00:16] And now ...Re2 would win.} 62. Ng3 {[%emt 0:00:11] Prevents Re2.} (62. g4) 62... Rxd6 {[%emt 0:00:07] Weighted Error Value: White=0.31/Black=0.21 (precise)} 0-1